 Dungeon Crawl Stone Soup version 0.19.1 (webtiles) character file.

29 Haldmier the Magician (level 3, 21/21 HPs)
             Began as a High Elf Wizard on Dec 11, 2016.
             Quit the game on level 2 of the Dungeon.
             The game lasted 00:03:38 (1423 turns).

Haldmier the Magician (High Elf Wizard)             Turns: 1423, Time: 00:03:39

Health: 21/21      AC:  2    Str:  7    XL:     3   Next: 1%
Magic:  7/9        EV: 12    Int: 22    God:
Gold:   47         SH:  0    Dex: 13    Spells: 2 memorised, 6 levels left

rFire  . . .     SeeInvis .     e - +0 dagger
rCold  . . .     Gourm    .     a - +0 robe
rNeg   . . .     Faith    .     (no shield)
rPois  .         Spirit   .     b - +0 hat
rElec  .         Reflect  .     (no cloak)
rCorr  .         Harm     .     (no gloves)
MR     .....                    (no boots)
Stlth  ++........               (no amulet)
                                (no ring)
                                (no ring)

@: no status effects
A: no striking features
a: no special abilities


You were on level 2 of the Dungeon.
You were not hungry.

You visited 1 branch of the dungeon, and saw 2 of its levels.

You collected 47 gold pieces.

Inventory:

Hand Weapons
 e - a +0 dagger (weapon)
 q - a +0 spear
Armour
 a - a +0 robe (worn)
 b - a +0 hat (worn)
 g - a +0 ring mail
Jewellery
 p - an uncursed ring of see invisible {unknown}
Scrolls
 f - a scroll of random uselessness {unknown}
 j - a scroll of magic mapping {unknown}
 k - a scroll of blinking {unknown}
 l - 2 scrolls of identify {unknown}
 o - a scroll of recharging {unknown}
Potions
 h - a potion of flight {unknown}
 i - 2 potions of curing {unknown}
 m - a potion of lignification {unknown}
Books
 c - a book of Minor Magic

   Spells                             Type                      Level
   a - Magic Dart                     Conjuration                  1
   b - Blink                          Translocation                2
   c - Call Imp                       Summoning                    2
   d - Repel Missiles                 Charms/Air                   2
   e - Slow                           Hexes                        2
   f - Conjure Flame                  Conjuration/Fire             3
   g - Mephitic Cloud                 Conjuration/Poison/Air       3
Comestibles
 d - 2 bread rations
 n - 4 chunks of flesh


   Skills:
 - Level 2.1 Dodging
 - Level 2.1 Stealth
 - Level 3.6 Spellcasting
 + Level 3.2 Conjurations
   Level 0.8 Summonings
 - Level 1.1 Translocations


You had 6 spell levels left.
You knew the following spells:

 Your Spells              Type           Power        Failure   Level  Hunger
a - Magic Dart            Conj           ###.         3%          1    None
b - Blink                 Tloc           N/A          12%         2    ##.....


Dungeon Overview and Level Annotations

Branches:
Dungeon (2/15)

Altars:
Ashenzari
Hepliaklqana


Message History

Aiming: Magic Dart
Press: ? - help, Shift-Dir - straight line, f - rat
Aim: a rat The magic dart hits the rat.
The rat is moderately wounded.
You now have 8/9 mp.
Casting: Magic Dart
Confirm with . or Enter, or press ? or * to list all spells.
Aiming: Magic Dart
Press: ? - help, Shift-Dir - straight line, f/p - rat
Aim: a rat The magic dart hits the rat.
The rat is moderately wounded.
The rat barely misses you.
You now have 7/9 mp.
You hit the rat.
You kill the rat!
l - 2 scrolls labeled MYH VACUROIL (gained 1)
You see here a rat corpse.
Are you sure you want to abandon this character and quit the game? (Confirm with "yes".)

... ..# .# #.### ###
.# # #... ..# .# .#
#..####.# .# ..
#.....#.# .##.# #
#........ ... <..
###..##.#.#####.#....#
#.............@.......
#.#.#.##..#####.......
#.#.#.##..############
###.#..............#
....###.##########.#
##### #...#....# #.#
##.##.##.# #.#
#....##.###.#
###..##.....#


There were no monsters in sight!

Vanquished Creatures
  A worm (D:2)
  A leopard gecko (D:2)
  2 bats
  A giant cockroach (D:1)
  4 goblins
  A hobgoblin (D:1)
  4 jackals (D:2)
  2 quokkas (D:2)
  A ball python (D:1)
  A frilled lizard (D:1)
  A kobold (D:1)
  3 rats
22 creatures vanquished.

Notes
Turn   | Place    | Note
-------+----------+-------------------------------------------
     0 | D:1      | Haldmier the High Elf Wizard began the quest for the Orb.
     0 | D:1      | Reached XP level 1. HP: 11/11 MP: 6/6
   392 | D:1      | Reached XP level 2. HP: 17/17 MP: 3/7
   576 | D:1      | Found a shattered altar of Ashenzari.
  1171 | D:2      | Learned a level 2 spell: Blink
  1285 | D:2      | Found a hazy altar of Hepliaklqana.
  1301 | D:2      | Reached XP level 3. HP: 21/21 MP: 6/9
  1423 | D:2      | Quit the game

Skill      XL: |  1  2 |
---------------+-------+-----
Conjurations   | 2 3 |  3.2
Dodging        | |  2.1
Stealth        | |  2.1
Spellcasting   | |  3.6
Summonings     | |  0.8
Translocations | |  1.1

Action                   || total
-------------------------++-------
Melee: Dagger            ||    13
 Cast: Magic Dart        ||    45
  Eat: Chunk             ||     1
Armor: Robe              ||     3
Dodge: Dodged            ||    10
